 Dungeon Crawl Stone Soup version 0.24-a0-434-gd57e52fea8 (webtiles) character file.

Game seed: 14936643591644036874

8822 vurker the Cleaver (level 11, -2/72 HPs)
             Began as a Gargoyle Gladiator on June 15, 2019.
             Was a Priest of the Shining One.
             Hit by a large rock thrown by a cyclops (25 damage)
             ... on level 11 of the Dungeon.
             The game lasted 00:20:08 (10759 turns).

vurker the Cleaver (Gargoyle Gladiator)            Turns: 10759, Time: 00:20:08

Health: -2/72      AC: 24    Str: 21    XL:     11   Next: 36%
Magic:  17/17      EV:  6    Int:  9    God:    the Shining One [***...]
Gold:   700        SH:  0    Dex: 11    Spells: 10/10 levels left

rFire    + . .     SeeInvis .   B - +0 battleaxe
rCold    . . .     Gourm    .   (shield currently unavailable)
rNeg     + + +     Faith    .   C - +0 plate armour
rPois    ∞         Spirit   .   c - +1 helmet
rElec    +         Reflect  .   f - +0 cloak
rCorr    .         Harm     .   (no gloves)
MR       .....                  n - +2 pair of boots
Stlth    ..........             (no amulet)
HPRegen  0.22/turn              o - ring of positive energy
MPRegen  0.15/turn              i - ring of protection from fire

@: glowing
A: negative energy resistance 1, electricity resistance, unbreathing,
petrification resistance, rot immunity, AC +8
a: Divine Shield, Renounce Religion


You were on level 11 of the Dungeon.
You worshipped the Shining One.
The Shining One was most pleased with you.
You were not hungry.

You visited 2 branches of the dungeon, and saw 12 of its levels.

You collected 700 gold pieces.

Inventory:

Hand Weapons
 a - a +0 war axe
 B - a +0 battleaxe (weapon)
   (You took it off an orc warrior on level 7 of the Dungeon)
Missiles
 D - 3 throwing nets (quivered) {!f}
Armour
 c - a +1 helmet (worn)
 f - a +0 cloak (worn)
   (You found it on level 1 of the Dungeon)
 n - a +2 pair of boots (worn)
   (You found it on level 2 of the Dungeon)
 r - a +0 buckler
   (You found it on level 5 of the Dungeon)
 C - a +0 plate armour (worn)
   (You took it off an orc warrior on level 7 of the Dungeon)
Jewellery
 i - a ring of protection from fire (right hand)
   (You took it off an orc on level 4 of the Dungeon)
 o - a ring of positive energy (left hand)
   (You found it on level 2 of the Dungeon)
Wands
 d - a wand of iceblast (14)
   (You found it on level 7 of the Dungeon)
 l - a wand of polymorph (11)
   (You found it on level 4 of the Dungeon)
Scrolls
 g - 7 scrolls of remove curse {@r2}
 j - 9 scrolls of teleportation {@r4}
 p - 2 scrolls of identify {@r1}
 q - 3 scrolls of blinking
 s - 3 scrolls of enchant armour
 v - 2 scrolls of immolation {!r}
 x - 2 scrolls of fear
 y - 2 scrolls of magic mapping
 G - a scroll of fog
Potions
 h - 5 potions of agility
 k - 3 potions of mutation {!q}
 m - a potion of cancellation
 t - a potion of heal wounds {@q2}
 w - 2 potions of haste {@q3}
 z - 2 potions of might
 A - 2 potions of ambrosia
 H - a potion of curing {@q1}
Comestibles
 e - 13 rations {!d}


   Skills:
 + Level 9.7 Fighting
 * Level 11.4 Axes
 - Level 1.7 Throwing
 - Level 2.4 Dodging
 - Level 4.2 Shields
 + Level 8.5 Invocations


You had 10 spell levels left.
You didn't know any spells.
Your spell library contained the following spells:

 Spells                   Type           Power        Failure   Level  Hunger
 Beastly Appendage        Tmut           #.....       100%        1    ##.....
 Corona                   Hex            #......      100%        1    ##.....
 Ensorcelled Hibernation  Hex/Ice        #.....       100%        2    ###....
 Sticks to Snakes         Tmut           #.......     100%        2    ###....
 Confuse                  Hex            #.......     100%        3    ####...
 Dazzling Spray           Conj/Hex       #.....       100%        3    ####...
 Spider Form              Tmut/Pois      #.........   100%        3    ####...
 Tukima's Dance           Hex            #.......     100%        3    ####...
 Ice Form                 Ice/Tmut       #.......     100%        4    #####..
 Blade Hands              Tmut           #.........   100%        5    ######.


Dungeon Overview and Level Annotations

Branches:
Dungeon (11/15)            Temple (1/1) D:4            Lair (0/6) D:10
    Orc (0/2) D:10

Altars:
Ashenzari
Elyvilon
Fedhas
Gozag
Hepliaklqana
Kikubaaqudgha
Makhleb
Qazlal
Ru
Trog
Uskayaw
Wu Jian
Xom
Yredelemnul
Zin
The Shining One

Shops:
D:6 ?   D:7 (=


Innate Abilities, Weirdness & Mutations

You are resistant to torment.
Your stone body is resilient. (AC +8)
You are immune to poison.
You resist negative energy. (rN+)
You are resistant to electric shocks. (rElec)
You can survive without breathing.
You are immune to petrification.
You are immune to rotting.


Message History

m - a potion of cancellation Drop what? 32/52 slots (_ for help) (? for menu, Esc to quit)
You drop a potion of brilliance.
Unknown command.
Unknown command.
As you read the scroll of identify {@r1}, it crumbles to dust.
u - a potion of magic
As you read the scroll of identify {@r1}, it crumbles to dust.
t - a potion of heal wounds Drop what? 31/52 slots (_ for help) (? for menu, Esc to quit)
You drop a potion of magic.
There is an open door here.
There is an open door, spattered with blood here.
Items here: )))))))))))) [[[[[[[[[
There is a staircase to the Orcish Mines here.
You see here a +0 hand axe.
You see here a +0 club.
You feel less vulnerable to hostile enchantments.
There is a stone staircase leading down here.
You climb downwards.
You feel a wave of frost pass over you.
There is an entrance to an ice cave on this level.
Hurry and find it before the portal melts!
A cyclops and a zombie come into view.
Found 12 gold pieces.
There is a stone staircase leading up here.
Okay, then.
Okay, then.
Unknown command.
The cyclops throws a large rock.
The large rock hits you!!
The worker ant zombie bites you but does no damage.
Found a leather armour.
You see here a large rock.
You slice the worker ant zombie!!
The worker ant zombie bites you but does no damage.
You slice the worker ant zombie!!
You destroy the worker ant zombie!
The Shining One accepts your kill.
You feel better.
The cyclops throws a large rock.
The large rock hits you.
A cyclops comes into view.
The cyclops shouts!
The cyclops throws a large rock.
The large rock hits you!
You see here 3 large rocks.
The cyclops throws a large rock.
The large rock hits you!
* * * LOW HITPOINT WARNING * * *
You see here a large rock.
There is a stone staircase leading up here.
The cyclops throws a large rock.
The large rock hits you.
* * * LOW HITPOINT WARNING * * *
The cyclops throws a large rock.
The large rock hits you!!
You die...

... #..[ #....
#.... #.... ..
#....#######...
###......@.....#
..C......(.....#
........(......#
...............#
...............#
...............#
#####.C..$.....#
#..#######...
#.. ...


You could see 2 cyclopes.

Vanquished Creatures
  Pikel (D:7)
  Joseph (D:7)
  Maurice (D:8)
  A troll (D:10)
  Prince Ribbit (D:8)
  3 hippogriffs
  6 yaks (D:9)
  3 wyverns (D:10)
  An acid dragon (D:10)
  2 black bears
  A hornet zombie (D:10)
  3 sky beasts
  A slave (D:7)
  A necrophage (D:7)
  7 orc warriors
  4 phantoms
  2 ice beasts (D:10)
  7 ogres
  2 centaurs
  3 crocodiles
  A big kobold (D:9)
  4 bullfrogs
  A water moccasin zombie (D:9)
  3 scorpions
  6 howler monkeys
  2 crimson imps
  4 hounds
  A centaur zombie (D:10)
  11 orc priests
  A jelly (D:8)
  2 centaur skeletons
  Jessica (D:3)
  4 iguanas
  10 orc wizards
  9 worker ants
  A hound zombie (D:10)
  2 worker ant zombies
  5 gnolls
  13 adders
  A howler monkey skeleton (D:10)
  A shadow imp (D:5)
  An adder skeleton (D:4)
  3 worms
  2 dart slugs (D:1)
  4 leopard geckos
  48 orcs
  A ball python (D:4)
  6 bats
  4 giant cockroaches
  5 goblins
  8 hobgoblins
  5 jackals
  7 quokkas
  5 frilled lizards
  A giant cockroach zombie (D:5)
  A jackal skeleton (D:5)
  11 kobolds
  A leopard gecko zombie (D:6)
  5 rats
252 creatures vanquished.

Vanquished Creatures (others)
  2 withered plants (D:2)
2 creatures vanquished.

Grand Total: 254 creatures vanquished

Notes
Turn   | Place    | Note
-------+----------+-------------------------------------------
     0 | D:1      | vurker the Gargoyle Gladiator began the quest for the Orb.
     0 | D:1      | Reached XP level 1. HP: 12/12 MP: 1/1
    19 | D:1      | Reached skill level 3 in Axes
   184 | D:1      | Reached XP level 2. HP: 18/18 MP: 2/2
   661 | D:1      | Reached XP level 3. HP: 22/22 MP: 3/3
  1572 | D:2      | Found a burning altar of Makhleb.
  1573 | D:2      | Found a basalt altar of Yredelemnul.
  1576 | D:2      | Reached XP level 4. HP: 28/28 MP: 4/4
  1779 | D:2      | Reached skill level 4 in Axes
  1869 | D:2      | Found a blossoming altar of Fedhas.
  1870 | D:2      | Found an ancient bone altar of Kikubaaqudgha.
  2264 | D:3      | Noticed Jessica
  2294 | D:3      | Reached XP level 5. HP: 23/32 MP: 5/5
  2299 | D:3      | Killed Jessica
  2569 | D:3      | Found a white marble altar of Elyvilon.
  2653 | D:3      | Found a stormy altar of Qazlal.
  2934 | D:4      | Reached skill level 5 in Axes
  2934 | D:4      | Reached XP level 6. HP: 36/38 MP: 6/6
  3070 | D:4      | Found a staircase to the Ecumenical Temple.
  3082 | Temple   | Entered the Ecumenical Temple
  3124 | Temple   | Became a worshipper of the Shining One
  3604 | D:4      | Reached skill level 1 in Invocations
  3982 | D:5      | Entered Level 5 of the Dungeon
  3994 | D:5      | Reached XP level 7. HP: 41/44 MP: 7/7
  4079 | D:5      | Reached skill level 5 in Fighting
  4079 | D:5      | Reached skill level 6 in Axes
  4736 | D:5      | Reached XP level 8. HP: 48/50 MP: 10/10
  4820 | D:5      | Reached * piety under the Shining One
  4835 | D:5      | Reached skill level 7 in Axes
  5168 | D:5      | Found a shattered altar of Ashenzari.
  5286 | D:5      | Reached skill level 1 in Shields
  6012 | D:6      | Found Hieboe's Magic Scroll Emporium.
  6403 | D:6      | Reached XP level 9. HP: 28/56 MP: 12/12
  6410 | D:6      | Reached skill level 8 in Axes
  6971 | D:7      | Noticed Pikel
  6990 | D:7      | Killed Pikel
  6990 | D:7      | Reached skill level 5 in Invocations
  7120 | D:7      | Noticed Joseph
  7138 | D:7      | Killed Joseph
  7167 | D:7      | Reached skill level 9 in Axes
  7170 | D:7      | Found Xaufidgh's Antique Weapon Emporium.
  7282 | D:7      | Found Woinoamn's Jewellery Boutique.
  7687 | D:8      | Reached XP level 10. HP: 59/64 MP: 14/14
  7785 | D:8      | Reached ** piety under the Shining One
  7864 | D:8      | Noticed Maurice
  7917 | D:8      | Killed Maurice
  8185 | D:8      | Noticed Prince Ribbit
  8220 | D:8      | Killed Prince Ribbit
  8383 | D:9      | Reached skill level 10 in Axes
  8856 | D:9      | Found an ornate altar of the Wu Jian Council.
  8974 | D:10     | Entered Level 10 of the Dungeon
  9152 | D:10     | Reached XP level 11. HP: 67/71 MP: 16/16
  9360 | D:10     | Reached skill level 11 in Axes
  9697 | D:10     | Found a staircase to the Lair.
  9899 | D:10     | Reached *** piety under the Shining One
  9902 | D:10     | Found a staircase to the Orcish Mines.
 10750 | D:11     | Noticed a cyclops
 10755 | D:11     | Noticed a cyclops
 10759 | D:11     | Hit by a large rock thrown by a cyclops

Levels and vault maps discovered:
D:1:      eino_arrival_tree_alley, layout_loops_ring, serial_co_window_serial,
          co_window_paths_a, co_window_corner_a, co_window_paths_a,
          co_window_paths_a, co_window_of_opportunity_a, co_window_paths_c,
          co_window_broadway_b, co_window_broadway_b, co_window_paths_e,
          co_window_4corner_b, glass_columns_a, glass_columns_a,
          glass_columns_c, glass_columns_c, glass_columns_b
D:2:      layout_rooms, grunt_temple_overflow_open,
          grunt_temple_overflow_growth_and_decay, minmay_tromino_mix6
D:3:      layout_rooms, elyvilon_altar_5, grunt_qazlal_sundering, uniq_jessica
D:4:      layout_basic, minmay_temple_entry_enclosed_plants, first_ration
D:5:      layout_gridville, cheibrodos_ashenzari_chains
D:6:      layout_loops_cross, serial_shops, shop
D:7:      layout_basic, serial_shops, shop, kennysheep_mini_moat, uniq_pikel,
          uniq_joseph
D:8:      layout_rooms, uniq_prince_ribbit1, uniq_maurice
D:9:      layout_rooms, marbit_many_paths
D:10:     layout_roguey [special_room_orc], erik_lair_dragon, david_orc_3
D:11:     minmay_sliced_demisemicircle, layout_irregular_city,
          portal_ice_cave_entry_animals_and_master, serial_shops,
          shop_fountains, uniq_sonja
Temple:   jpeg_temple_clearing

Skill      XL: |  1  2  3  4  5  6  7  8  9 10 11 |
---------------+----------------------------------+-----
Axes           | 3 4 5 6 7 9 10 11 | 11.4
Fighting       | 3 4 5 6 7 9 |  9.7
Invocations    | 1 2 4 6 7 8 |  8.5
Shields        | 2 4 |  4.2
Throwing       | |  1.7
Dodging        | |  2.4

Action                   |  1- 3 |  4- 6 |  7- 9 | 10-12 || total
-------------------------+-------+-------+-------+-------++-------
Melee: War axe           |    89 |   198 |   266 |       ||   553
       Battleaxe         |       |       |    17 |   300 ||   317
       Unarmed           |       |       |       |    21 ||    21
Invok: Divine Shield     |       |       |       |     1 ||     1
  Use: Scroll            |       |    11 |     2 |     9 ||    22
       Potion            |       |       |     1 |       ||     1
  Eat: Chunk             |     2 |     8 |    12 |     5 ||    27
       Ration            |       |       |       |     2 ||     2
Armor: Leather armour    |    51 |   113 |       |       ||   164
       Ring mail         |       |     4 |    74 |       ||    78
       Chain mail        |       |       |    99 |       ||    99
       Plate armour      |       |       |    18 |   268 ||   286
Dodge: Dodged            |    59 |   168 |   117 |    94 ||   438
Block: Buckler           |       |       |    20 |       ||    20
       Other             |       |       |       |     7 ||     7

Table legend:
 A = Non-vault XP
 B = Vault XP
 C = Vault XP percentage of total XP
 D = Non-vault monster count
 E = Vault monster count
 F = Vault count percentage of total count
                 A         B        C        D         E       F
            +---------+---------+-------+---------+---------+-------
      Total |    8895 |    3709 |  29.4 |     205 |      46 |  18.3
            +---------+---------+-------+---------+---------+-------
        D:1 |      50 |       0 |   0.0 |      19 |       0 |   0.0
        D:2 |      52 |       5 |   8.8 |      15 |       4 |  21.1
        D:3 |      73 |      37 |  33.6 |      21 |       1 |   4.5
        D:4 |     366 |       0 |   0.0 |      15 |       0 |   0.0
        D:5 |    1191 |       0 |   0.0 |      36 |       0 |   0.0
        D:6 |     729 |       0 |   0.0 |      15 |       0 |   0.0
        D:7 |     955 |    1132 |  54.2 |      15 |       2 |  11.8
        D:8 |     773 |     763 |  49.7 |      18 |       2 |  10.0
        D:9 |    2045 |     112 |   5.2 |      24 |       1 |   4.0
       D:10 |    2645 |    1660 |  38.6 |      26 |      36 |  58.1
       D:11 |      16 |       0 |   0.0 |       1 |       0 |   0.0
            +---------+---------+-------+---------+---------+-------
